 Dungeon Crawl Stone Soup version 0.27.1-4-g1640c2035a (webtiles) character file.

Game seed: 1248447560312073764

16 pkoi the Shield-Bearer (level 2, 0/26 HPs)
             Began as a Minotaur Fighter on Nov 10, 2021.
             Succumbed to a goblin's poison
             ... on level 1 of the Dungeon.
             The game lasted 00:00:26 (298 turns).

pkoi the Shield-Bearer (Minotaur Fighter)            Turns: 298, Time: 00:00:27

Health: 0/26       AC:  6    Str: 20    XL:     2   Next: 37%
Magic:  1/1        EV:  7    Int:  5    God:
Gold:   17         SH:  9    Dex:  9    Spells: 1/1 levels left

rFire    . . .     SeeInvis .   a - +0 long sword
rCold    . . .     Faith    .   c - +0 kite shield
rNeg     . . .     Spirit   .   b - +0 scale mail
rPois    .         Reflect  .   (helmet restricted)
rElec    .         Harm     .   (no cloak)
rCorr    .         Rampage  .   (no gloves)
Will     .....                  (no boots)
Stlth    ..........             (no amulet)
HPRegen  0.08/turn              (no ring)
MPRegen  0.07/turn              (no ring)

@: lethally poisoned (0 -> -3), flying
A: horns 2, retaliatory headbutt
a: no special abilities


You were on level 1 of the Dungeon.
You visited 1 branch of the dungeon, and saw 1 of its levels.

You collected 17 gold pieces.

Inventory:

Hand Weapons
 a - a +0 long sword (weapon)
Missiles
 e - 2 throwing nets (quivered)
Armour
 b - a +0 scale mail (worn)
 c - a +0 kite shield (worn)
Potions
 d - 3 potions of might


   Skills:
 - Level 3.6 Fighting
 + Level 3.1 Long Blades
 - Level 3.6 Armour
 + Level 4.1 Shields


You had one spell level left.
You didn't know any spells.
Your spell library was empty.

Dungeon Overview and Level Annotations

Branches:
Dungeon (1/15)

Altars:


Innate Abilities, Weirdness & Mutations

You have a pair of horns on your head.
You reflexively headbutt those who attack you in melee.


Message History

The giant cockroach bites you but does no damage.
The goblin hits you but does no damage.
You slash the goblin!
You kill the goblin!
You feel very sick. The giant cockroach barely misses you.
You riposte.
You hit the giant cockroach.
Your headbutt misses the giant cockroach.
The giant cockroach is severely wounded.
The goblin hits you but does no damage. The giant cockroach bites you.
The goblin hits you with a +0 club.
* * * LOW HITPOINT WARNING * * *
Found a black potion.
* * * LOW HITPOINT WARNING * * *
You feel very sick. You block the giant cockroach's attack.
Things that are here:
a +0 dagger of venom; a goblin corpse; a ball python corpse Unknown command.
Unknown command.
You slash the goblin!
You kill the goblin!
* * * LOW HITPOINT WARNING * * *
You feel sick. You block the giant cockroach's attack.
The giant cockroach bites you but does no damage.
You closely miss the giant cockroach.
Your headbutt misses the giant cockroach.
The giant cockroach is severely wounded.
* * * LOW HITPOINT WARNING * * *
You feel sick.
The giant cockroach bites you but does no damage. x2
It was a potion of flight.
You feel very buoyant.
You fly up into the air.
* * * LOW HITPOINT WARNING * * *
You feel sick. The giant cockroach closely misses you.
You aren't carrying any scrolls.
Your shield and scale mail prevent you from hitting the giant cockroach.
The giant cockroach is severely wounded.
You die...

.....#.......#....
##########.#
.......####..#.##.#####
#.# ..........##.#.#
.....## #.#
#.........##.#.#
!...... #.#
#.........##...#
....... #..
.......######..#
....... ### ########
#..##.......
#..#........ #..#@.# ..
#...B)# ## ##.........
......##### ####...#
#...# ##..# #..# ..#


You could see a giant cockroach.

Vanquished Creatures
  A dart slug (D:1)
  A bat (D:1)
  An endoplasm (D:1)
  A giant cockroach (D:1)
  2 goblins (D:1)
  A hobgoblin (D:1)
  A kobold (D:1)
  2 ball pythons (D:1)
  3 rats (D:1)
13 creatures vanquished.

Notes
Turn   | Place    | Note
-------+----------+-------------------------------------------
     0 | D:1      | pkoi the Minotaur Fighter began the quest for the Orb.
     0 | D:1      | Reached XP level 1. HP: 19/19 MP: 0/0
   227 | D:1      | Reached skill level 4 in Shields
   227 | D:1      | Reached XP level 2. HP: 26/26 MP: 1/1
   298 | D:1      | Succumbed to a goblin's poison

Illustrated notes

Levels and vault maps discovered:
D:1:      scummos_arrival_forest, layout_basic

Skill      XL: |  1  2 |
---------------+-------+-----
Shields        | 4 |  4.1
Long Blades    | 3 |  3.1
Fighting       | |  3.6
Armour         | |  3.6

Action                   || total
-------------------------++-------
Melee: Long sword        ||    23
       Headbutt          ||     3
  Use: Potion            ||     1
Armor: Scale mail        ||    21
Dodge: Dodged            ||    13
Block: Kite shield       ||     6
       Rpst.: Long sword ||     2
